 Dungeon Crawl Stone Soup version 0.28-a0-1152-g9c71ebef14 (webtiles) character file.

Game seed: 15851536948903846

2 spaghetti the Sneak (level 1, -16/16 HPs)
             Began as an Octopode Delver on Dec 14, 2021.
             Demolished by an ogre (30 damage)
             ... on level 5 of the Dungeon.
             The game lasted 00:00:06 (16 turns).

spaghetti the Sneak (Octopode Delver)                 Turns: 16, Time: 00:00:07

Health: -16/16     AC:  1    Str: 11    XL:     1   Next: 30%
Magic:  1/1        EV: 13    Int: 12    God:
Gold:   0          SH:  0    Dex: 13    Spells: 0/0 levels left

rFire   . . .      SeeInvis .   a - +0 short sword {short}
rCold   . . .      Faith    .   (no shield)
rNeg    . . .      Spirit   .   (helmet restricted)
rPois   .          Reflect  .   (no amulet)
rElec   .          Harm     .   (no ring)
rCorr   .          Rampage  .   (no ring)
Will    .....                   (no ring)
Stlth   ++++......              (no ring)
HPRegen 0.05/turn               (no ring)
MPRegen 0.07/turn               (no ring)
                                (no ring)
                                (no ring)

@: no status effects
A: almost no armour, amphibious, 8 rings, camouflage 1, gelatinous body 1,
(nimble swimmer 1), tentacles
a: no special abilities


You were on level 5 of the Dungeon.
You visited 1 branch of the dungeon, and saw 1 of its levels.


Innate Abilities, Weirdness & Mutations

You cannot wear most types of armour.
You are amphibious.
You can wear up to eight rings at the same time.
Your skin changes colour to match your surroundings (Stealth+).
Your rubbery body absorbs attacks. (AC +1, EV +1)
((You are camouflaged near water. (Stealth+)))
You have tentacles for arms and can constrict up to eight enemies at once.


   Skills:
 + Level 3.0 Fighting
 + Level 2.0 Short Blades
 + Level 2.0 Dodging
 + Level 6.6 Stealth


You couldn't memorise any spells.
You didn't know any spells.
Your spell library was empty.

Inventory:

Hand Weapons
 a - a +0 short sword (weapon) {short}
Missiles
 g - 19 arrows
Wands
 f - a wand of digging (3)
Scrolls
 b - a scroll of fog
 c - a scroll of magic mapping {!r}
 d - a scroll of fear
Potions
 e - a potion of haste {@q3}

Dungeon Overview and Level Annotations

Branches:
Dungeon (5/15)
 Temple: D:4-7

Altars:

#.......#
.......########
#............#
#............#
###............#
#..............#
#..............#
#..............#
#.#.......@....#
#.......O)...#
#............#
#............#
#............#
#...)........#
#............#
.............#


You could see an ogre.


Message History

🤖 Initializing magus.rc ...
Options error: Delay interrupt name "hungry" not recognised. (~/.crawlrc:4771) ✅ Successfully initialized magus.rc [v1.9.6] Welcome, spaghetti the Octopode Delver.
They say the Orb of Zot lies within this dungeon, but they say a lot of things.
Press ? for a list of commands and other information.
Found four items.
Found a stone staircase leading down.
g - a scroll labelled YSEFAZI QUTY
As you read the scroll labelled YSEFAZI QUTY, it crumbles to dust.
You feel strangely unstable.
It was a scroll of teleportation.
Unknown command.
Unknown command.
Found a stone staircase leading up.
g - 19 arrows Your surroundings suddenly seem different.
An orc comes into view. It is wielding a +0 short sword.
Unknown command.
An orc is nearby!
An ogre comes into view. It is wielding a +0 giant club.
The orc shouts!
The ogre shouts!
You hit the orc. You grab the orc. You constrict the orc.
The orc hits you with a +0 short sword. 😕 HP[-2]
You take 2 damage, and now have 14/16 hp.
You hit the orc. You squeeze the orc. You constrict the orc.
The orc barely misses you.
You barely miss the orc. You constrict the orc.
You kill the orc!
You hit the ogre but do no damage. The ogre barely misses you.
You hit the ogre. The ogre closely misses you.
You hit the ogre. You hit the ogre. Your squeeze misses the ogre.
The ogre hits you with a +0 giant club!!
Ouch! That really hurt!
You die...

Action                   || total
-------------------------++-------
Melee: Short sword       ||     7
       Constrict         ||     1
       Tentacles         ||     1
  Use: Scroll            ||     1
Dodge: Dodged            ||     3

Levels and vault maps discovered:
D:5:      layout_basic, general_overflow_altar, kennysheep_generic_room_6

Notes
Turn   | Place    | Note
-------+----------+-------------------------------------------
     0 | D:5      | spaghetti the Octopode Delver began the quest for the Orb.
     0 | D:5      | Reached XP level 1. HP: 16/16 MP: 1/1
     0 | D:5      | magus.rc [v1.9.6]
     7 | D:5      | Noticed an ogre
    16 | D:5      | Demolished by an ogre

Vanquished Creatures
  An orc (D:5)
1 creature vanquished.

Table legend:
 A = Non-vault XP
 B = Vault XP
 C = Vault XP percentage of total XP
 D = Non-vault monster count
 E = Vault monster count
 F = Vault count percentage of total count
                 A         B        C        D         E       F
            +---------+---------+-------+---------+---------+-------
      Total |       3 |       0 |   0.0 |       1 |       0 |   0.0
            +---------+---------+-------+---------+---------+-------
        D:5 |       3 |       0 |   0.0 |       1 |       0 |   0.0
            +---------+---------+-------+---------+---------+-------

Illustrated notes

Table legend:
 A = Kills in this place as a percentage of kills in entire the game.
 B = Kills by you in this place as a percentage of kills by you in the entire game.
 C = Kills by friends in this place as a percentage of kills by friends in the entire game.
 D = Other kills in this place as a percentage of other kills in the entire game.
 E = Experience gained in this place as a percentage of experience gained in the entire game.
 F = Experience gained in this place divided by the number of levels of this place that you have seen.
                   A       B       C       D       E      F
               +-------+-------+-------+-------+-------+----------------------
         Total | 100.0 | 100.0 |   N/A |   N/A | 100.0 |   3.0
       Dungeon | 100.0 | 100.0 |   N/A |   N/A | 100.0 |   3.0
               +-------+-------+-------+-------+-------+----------------------

Table legend: (Time is in decaauts)
 A = Elapsed time spent in this place.
 B = Non-inter-level travel time spent in this place.
 C = Inter-level travel time spent in this place.
 D = Time resting spent in this place.
 E = Time spent auto-exploring this place.
 F = Levels seen in this place.
 G = Mean time per level.
                   A        B        C        D        E       F      G
               +--------+--------+--------+--------+--------+-----+--------+
         Total |     16 |     16 |      0 |      0 |      3 |   1 |   16.0 |
       Dungeon |     16 |     16 |      0 |      0 |      3 |   1 |   16.0 |
               +--------+--------+--------+--------+--------+-----+--------+

Top non-repeatable levels by time:
     D:5: 16 daAuts
